 Dungeon Crawl Stone Soup version 0.19.5 (webtiles) character file.

12818 JeffiDaFish the Marksspriggan (level 11, -3/60 HPs)
             Began as a Spriggan Hunter on Dec 13, 2017.
             Was a Priest of Fedhas.
             Engulfed by a cloud of freezing vapour (9 damage)
             ... in an ice cave.
             The game lasted 00:34:36 (11239 turns).

JeffiDaFish the Marksspriggan (Spriggan Hunter)    Turns: 11239, Time: 00:34:36

Health: -3/60      AC: 13    Str:  8    XL:     11   Next: 67%
Magic:  12/12      EV: 30    Int: 15    God:    Fedhas [***...]
Gold:   283        SH:  0    Dex: 24    Spells: 0 memorised, 10 levels left

rFire  . . .     SeeInvis +     x - +5 shortbow (flame)
rCold  + . .     Gourm    .     y - +5 steam dragon scales of Generosity {Dex+4}
rNeg   + + .     Faith    .     (shield currently unavailable)
rPois  .         Spirit   .     s - +0 hat "Tacawnuce" {rN++}
rElec  .         Reflect  .     n - +2 cloak
rCorr  .         Harm     .     (gloves unavailable)
MR     +....                    (boots unavailable)
Stlth  +++.......               m - amulet of regeneration
                                p - ring of stealth
                                j - ring of stealth

@: very quick
A: unfitting armour, horns 1, see invisible, clever 1, cold resistance 1,
herbivore 3, speed 3, slow metabolism 2
a: Fungal Bloom, Evolution, Sunlight, Growth, Renounce Religion


You were in an ice cave.
You worshipped Fedhas.
Fedhas was most pleased with you.
You were not hungry.

You visited 3 branches of the dungeon, and saw 12 of its levels.
You also visited: Ice Cave.

You collected 820 gold pieces.
You spent 537 gold pieces at shops.

Inventory:

Hand Weapons
 t - a +2 dagger of electrocution
 x - a +5 shortbow of flaming (weapon)
Missiles
 d - 16 arrows (quivered)
Armour
 n - a +2 cloak (worn)
 s - the +0 hat "Tacawnuce" (worn) {rN++}
   (You found it on level 7 of the Dungeon)

   It greatly protects you from negative energy.
 y - the +5 steam dragon scales of Generosity (worn) {Dex+4}
   (You found it on level 10 of the Dungeon)

   It affects your dexterity (+4).
Jewellery
 e - an uncursed ring of resist corrosion
 j - a ring of stealth (left hand)
 m - an amulet of regeneration (around neck)
 p - a ring of stealth (right hand)
Wands
 a - a wand of flame (25/48)
Scrolls
 h - a scroll of magic mapping
 i - 2 scrolls of recharging
 k - 4 scrolls of teleportation
 l - 3 scrolls of remove curse
 o - 4 scrolls of identify
Potions
 q - 3 potions of magic
 r - a potion of heal wounds
 w - a potion of berserk rage
 z - a potion of agility
Books
 u - a book of Conjurations

   Spells                             Type                      Level
   a - Magic Dart                     Conjuration                  1
   b - Searing Ray                    Conjuration                  2
   c - Dazzling Spray                 Conjuration/Hexes            3
   d - Fulminant Prism                Conjuration/Hexes            4
   e - Iskenderun's Mystic Blast      Conjuration                  4
   f - Iskenderun's Battlesphere      Conjuration/Charms           5
 v - the Almanac of a Thousand Cities
   (You found it on level 10 of the Dungeon)

   Spells                             Type                      Level
   a - Shock                          Conjuration/Air              1
   b - Swiftness                      Charms/Air                   2
   c - Static Discharge               Conjuration/Air              3
   d - Spectral Weapon                Hexes/Charms                 3
   e - Iskenderun's Battlesphere      Conjuration/Charms           5
   f - Conjure Ball Lightning         Conjuration/Air              6
Comestibles
 b - 9 fruits
 f - 11 bread rations
 g - 3 slices of pizza


   Skills:
 + Level 8.2 Fighting
 + Level 4.8 Short Blades
 + Level 15.6 Bows
 * Level 10.7 Dodging
 + Level 6.0 Stealth
 + Level 0.4 Invocations


You had 10 spell levels left.
You didn't know any spells.

Dungeon Overview and Level Annotations

Branches:
Dungeon (10/15)            Temple (1/1) D:6            Lair (1/6) D:10
    Orc: D:9-12

Altars:
Ashenzari
Cheibriados
Dithmenos
Elyvilon
Fedhas
Hepliaklqana
Makhleb
Nemelex Xobeh
Okawaru
Ru
Sif Muna
Trog
Uskayaw
Vehumet
Xom
Yredelemnul
The Shining One

Shops:
D:9 [   D:10 (


Innate Abilities, Weirdness & Mutations

You are very small and have problems with some larger weapons.
You are too small for most types of armour.
You have supernaturally acute eyesight. (SInv)
You are a herbivore.
You cover ground extremely quickly.
You need consume almost no food.
You have a pair of small horns on your head.
Your mind is acute. (Int +2)
Your flesh is cold resistant. (rC+)


Message History

Aim: a polar bear (severely wounded)
You shoot an arrow. The arrow hits the polar bear.
The arrow burns the polar bear.
The polar bear is severely wounded.
The polar bear goes berserk!
Firing (i - inventory):
d - 17 arrows (quivered)
Press: ? - help, Shift-Dir - straight line, f/p - polar bear
Aim: a polar bear (severely wounded, berserk, fast, unusually strong)
You shoot an arrow. The arrow hits the polar bear!
The arrow burns the polar bear.
The polar bear is almost dead.
The polar bear bites you!!
* * * LOW HITPOINT WARNING * * *
The polar bear misses you. The polar bear claws you.
* * * LOW HITPOINT WARNING * * *
You enter the shallow water.
Moving in this stuff is going to be slow.
You are engulfed in freezing vapours.
You resist.
You die...
Fedhas appreciates your contribution to the ecosystem.

#.#§##.P#÷PPP##
§§§#§#.#P#PPP.##
§###÷÷###P##...##
###≈###≈≈≈≈###..#
..#####≈≈≈≈≈##..##
#..##..###≈≈###÷.#######
..#......##≈#.§.##§..?.##
##.#####..####§§#§§.⌠...#
# #.. #....####§@§...}..#
.## ######.###..#
##§§§###### #.. #....##
#.P.## ###..#≈≈≈###.#
...#..#####P÷###
#h.#≈≈≈#..## .####..#
###PP####.h####...#
..###..# ##P.####.##h..#
÷.##...## ##..####/(h###
...##...## ###...# #####
..####...# ##..#..#


You could see a polar bear (berserk) and a wolf.

Vanquished Creatures
  An orange crystal statue (D:10)
  The ghost of JeffiDaFish the Nimble, a novice SpHu of Fedhas (D:8)
  An ice statue (IceCv)
  3 spiny frogs (Lair:1)
  2 ice devils (Lair:1)
  2 komodo dragons
  6 polar bears (IceCv)
  4 hippogriffs
  Sigmund (D:2)
  A spriggan (D:7)
  21 yaks
  A basilisk (Lair:1)
  A black bear (D:6)
  4 sky beasts
  A hornet zombie (D:8)
  4 orc warriors
  A necrophage (D:10)
  An ice beast (D:9)
  A phantom (D:9)
  2 ogres (D:4)
  2 crocodiles (Lair:1)
  2 centaurs
  11 wolves (IceCv)
  7 bullfrogs
  3 scorpions
  A water moccasin skeleton (D:5)
  3 howler monkeys
  6 crimson imps
  A centaur zombie (D:5)
  4 orc priests
  7 hounds
  3 bullfrog skeletons
  2 centaur skeletons
  3 jellies
  Natasha (D:2)
  2 orc wizards
  5 worker ants
  2 killer bee zombies
  A howler monkey zombie (D:6)
  A worker ant zombie (D:7)
  16 adders
  A shadow imp (D:6)
  2 adder zombies
  2 worms (D:4)
  2 dart slugs
  7 leopard geckos
  22 orcs
  6 bats
  4 giant cockroaches
  9 goblins
  8 hobgoblins
  3 jackals (D:8)
  6 kobolds
  3 quokkas
  A ball python (D:3)
  9 frilled lizards
  A jackal zombie (D:5)
  A leopard gecko zombie (D:7)
  A quokka skeleton (D:6)
  6 rats (D:1)
236 creatures vanquished.

Vanquished Creatures (collateral kills)
  A hippogriff (D:10)
  2 yaks (D:10)
3 creatures vanquished.

Vanquished Creatures (others)
  2 wandering mushrooms (IceCv)
  A yak (IceCv)
  5 wolves (IceCv)
  An orc wizard (D:4)
  2 plants (D:10)
  154 toadstools
165 creatures vanquished.

Grand Total: 404 creatures vanquished

Notes
Turn   | Place    | Note
-------+----------+-------------------------------------------
     0 | D:1      | JeffiDaFish the Spriggan Hunter began the quest for the Orb.
     0 | D:1      | Reached XP level 1. HP: 10/10 MP: 2/2
    17 | D:1      | Found a snail-covered altar of Cheibriados.
    37 | D:1      | Reached skill level 5 in Bows
   191 | D:1      | Reached XP level 2. HP: 15/15 MP: 3/3
   224 | D:1      | Gained mutation: You have a pair of small horns on your head. [potion of mutation]
   224 | D:1      | Gained mutation: Your mind is acute. (Int +2) [potion of mutation]
   224 | D:1      | Gained mutation: Your flesh is cold resistant. (rC+) [potion of mutation]
  1018 | D:2      | Reached XP level 3. HP: 18/18 MP: 4/4
  1216 | D:2      | Reached skill level 6 in Bows
  1285 | D:2      | Noticed Sigmund
  1386 | D:2      | Reached XP level 4. HP: 12/23 MP: 5/5
  1446 | D:2      | Killed Sigmund
  1446 | D:2      | Reached skill level 7 in Bows
  1446 | D:2      | Reached XP level 5. HP: 14/27 MP: 6/6
  1710 | D:2      | Found a white marble altar of Elyvilon.
  1782 | D:2      | Noticed Natasha
  1790 | D:2      | Killed Natasha
  1790 | D:2      | Reached XP level 6. HP: 25/32 MP: 7/7
  2490 | D:4      | Reached skill level 1 in Short Blades
  2490 | D:4      | Reached skill level 8 in Bows
  2771 | D:4      | Found a sparkling altar of Nemelex Xobeh.
  2771 | D:4      | Found a shadowy altar of Dithmenos.
  3210 | D:4      | Reached XP level 7. HP: 36/36 MP: 8/8
  3684 | D:4      | Reached skill level 9 in Bows
  3818 | D:5      | Entered Level 5 of the Dungeon
  4001 | D:5      | Reached skill level 10 in Bows
  4501 | D:5      | Reached XP level 8. HP: 42/42 MP: 9/9
  4644 | D:6      | Found a staircase to the Ecumenical Temple.
  4686 | Temple   | Entered the Ecumenical Temple
  4806 | Temple   | Became a worshipper of Fedhas Madash
  5113 | D:6      | Reached skill level 11 in Bows
  6199 | D:6      | Reached * piety under Fedhas
  6492 | D:6      | Reached skill level 5 in Dodging
  6641 | D:7      | Reached skill level 12 in Bows
  6715 | D:7      | Reached XP level 9. HP: 36/46 MP: 10/10
  6993 | D:7      | Found a burning altar of Makhleb.
  7160 | D:7      | Reached skill level 5 in Fighting
  7499 | D:7      | Got a shimmering hat
  7505 | D:7      | Identified the +0 hat "Tacawnuce" {rN++} (You found it on level 7 of the Dungeon)
  7592 | D:8      | Reached ** piety under Fedhas
  7878 | D:8      | Noticed JeffiDaFish's ghost (novice SpHu)
  8016 | D:8      | Killed JeffiDaFish's ghost
  8016 | D:8      | Reached skill level 13 in Bows
  8029 | D:8      | Reached skill level 5 in Stealth
  8329 | D:8      | Found a deep blue altar of Sif Muna.
  8329 | D:8      | Found a faded altar of an unknown god.
  8334 | D:8      | Found a faded altar of an unknown god.
  8336 | D:8      | Found a faded altar of an unknown god.
  8338 | D:8      | Found a hazy altar of Hepliaklqana.
  8778 | D:9      | Reached XP level 10. HP: 50/53 MP: 11/11
  8993 | D:9      | Found Nesic's Antique Armour Boutique.
  9293 | D:10     | Entered Level 10 of the Dungeon
  9340 | D:10     | Reached skill level 14 in Bows
  9473 | D:10     | Found a staircase to the Lair.
  9803 | D:10     | Found Kohajaang's Weapon Shoppe.
  9864 | D:10     | Bought 17 arrows for 51 gold pieces
  9864 | D:10     | Bought a +5 shortbow of flaming for 486 gold pieces
  9925 | D:10     | Noticed an orange crystal statue
 10012 | D:10     | Killed an orange crystal statue
 10056 | D:10     | Identified the Almanac of a Thousand Cities
 10063 | D:10     | Got faintly glowing steam dragon scales
 10074 | D:10     | Identified the +5 steam dragon scales of Generosity {Dex+4} (You found it on level 10 of the Dungeon)
 10140 | D:10     | Reached *** piety under Fedhas
 10236 | Lair:1   | Entered Level 1 of the Lair of Beasts
 10314 | Lair:1   | Reached XP level 11. HP: 58/58 MP: 12/12
 10479 | Lair:1   | Reached skill level 15 in Bows
 10624 | Lair:1   | Found a frozen archway.
 10682 | IceCv    | Entered an ice cave
 10941 | IceCv    | Reached skill level 10 in Dodging
 11239 | IceCv    | Engulfed by a cloud of freezing vapour

Skill      XL: |  1  2  3  4  5  6  7  8  9 10 11 |
---------------+----------------------------------+-----
Bows           | 5 6 7 8 10 12 13 14 15 | 15.6
Stealth        | 2 3 5 6 |  6.0
Fighting       | 2 3 4 5 7 8 |  8.2
Short Blades   | 1 3 4 |  4.8
Dodging        | 4 5 6 8 10 | 10.7
Invocations    | |  0.4

Action                   |  1- 3 |  4- 6 |  7- 9 | 10-12 || total
-------------------------+-------+-------+-------+-------++-------
Melee: Dagger            |    23 |    17 |   126 |   172 ||   338
       Headbutt          |     2 |     1 |    23 |    42 ||    68
       Shortbow          |       |       |     1 |       ||     1
 Fire: Shortbow          |    81 |    96 |   472 |   397 ||  1046
Invok: Fungal Bloom      |       |       |    25 |    25 ||    50
       Evolution         |       |       |       |     3 ||     3
  Use: Potion            |     4 |     3 |     4 |     1 ||    12
       Scroll            |     5 |     7 |     9 |     6 ||    27
 Stab: Sleeping          |     6 |     1 |     7 |       ||    14
  Eat: Bread ration      |       |       |     1 |       ||     1
Armor: Robe              |     4 |     2 |    28 |     7 ||    41
       Steam dragon scal |       |       |       |    31 ||    31
Dodge: Dodged            |    33 |    37 |   181 |   315 ||   566
